 Dungeon Sprint DCSS version 0.19-a0-1496-gfc80c20 (webtiles) character file.

4347 Promi the Basher (level 10, 0/115 HPs)
             Began as a Troll Berserker on Sept 10, 2016.
             Was a High Priest of Trog.
             Slain by a demonic crawler (6 damage)
             ... while paralysed
             ... in the Dungeon (Sprint I: "Red Sonja").
             The game lasted 00:08:14 (851 turns).

Promi the Basher (Troll Berserker)                   Turns: 851, Time: 00:08:15

Health: 0/115      AC:  5    Str: 27 (30) XL:     10   Next: 12%
Magic:  9/9        EV:  1    Int:  0 (3)  God:    Trog [*****.]
Gold:   550        SH:  0    Dex:  7 (9)  Spells: 0 memorised, 9 levels left

rFire  . . .     SeeInvis .     a - +0 mace
rCold  . . .     Gourm    +     b - +0 animal skin
rNeg   . . .     Faith    .     (no shield)
rPois  .         Spirit   .     (helmet restricted)
rElec  .         Dismiss  .     (no cloak)
rCorr  .         Reflect  .     (gloves unavailable)
MR     .....     Harm     .     (boots unavailable)
Stlth  +......... NoTele   +    (no amulet)
                                (no ring)
                                (no ring)

@: paralysed, exhausted, slowed, lost intelligence
A: unfitting armour, claws 3, fast metabolism 3, gourmand, regeneration 1,
shaggy fur 1, tough skin 2
a: Berserk, Trog's Hand, Brothers in Arms, Burn Spellbooks, Renounce Religion


You were in the Dungeon.
You worshipped Trog.
Trog was extremely pleased with you.
You were near starving.

You visited 1 branch You collected 746 gold pieces.
You spent 196 gold pieces at shops.

Inventory:

Hand Weapons
 a - a +0 mace (weapon)
Armour
 b - a +0 animal skin (worn)
Scrolls
 e - a scroll of identify {unknown}
 i - a scroll of blinking
 l - a scroll of fog {unknown}
 n - a scroll of remove curse {unknown}
Potions
 d - 2 potions of curing
 f - a potion of haste
 g - 2 potions of magic
 h - a potion of berserk rage
 k - a potion of might
Comestibles
 c - a bread ration


   Skills:
 + Level 11.8 Fighting
 + Level 12.7 Maces & Flails
 + Level 11.8 Dodging


You had 9 spell levels left.
You didn't know any spells.

Dungeon Overview and Level Annotations

Branches:
Dungeon (1/1)

Altars:
Cheibriados
Dithmenos
Elyvilon
Fedhas
Gozag
Hepliaklqana
Kikubaaqudgha
Makhleb
Nemelex Xobeh
Okawaru
Qazlal
Ru
Sif Muna
Trog
Uskayaw
Vehumet
Xom
Yredelemnul
Zin
The Shining One
Jiyva
Lugonu

Shops:
D ![


Innate Abilities, Weirdness & Mutations

You are too large for most types of armour.
You have claws for hands.
Your metabolism is lightning-fast.
You like to eat raw meat.
Your natural rate of healing is unusually fast.
You are covered in fur. (AC +1)
You have very tough skin. (AC +2)


Message History

The demonic crawler hits you but does no damage.
It was a potion of degeneration.
There was something very wrong with that liquid.
You feel weakened.
You feel dopey.
You have lost your intelligence.
You feel clumsy. The demonic crawler hits you.
The demonic crawler hits you but does no damage.
The demonic crawler hits you. The demonic crawler hits you!
* * * LOW HITPOINT WARNING * * *
The demonic crawler hits you!
* * * LOW HITPOINT WARNING * * *
The demonic crawler hits you.
* * * LOW HITPOINT WARNING * * *
The demonic crawler hits you!
* * * LOW HITPOINT WARNING * * *
The demonic crawler hits you but does no damage.
The demonic crawler hits you.
* * * LOW HITPOINT WARNING * * *
The demonic crawler hits you.
You die...

##################
.#..'..#__#..)...#
.').#..'..'.)#..@#
'#####'#__####..ss..#
.#...#.####§§#####..+
##..##.#§≈≈§.#..# +##
_##'#..§§§§§.'..#
..'..._#§§§..#..#
_##_.#'##§#####'###
_###+#.#)(.(###.'.#
## ####'###[###.#


You could see 2 demonic crawlers.

Vanquished Creatures
  2 centaur warriors (D)
  A deep troll (D)
  An oklob plant (D)
  2 kobold demonologists (D)
  2 demonic crawlers (D)
  A slime creature (D)
  2 redbacks (D)
  Sigmund (D)
  A yak (D)
  A giant eyeball (D)
  A wasp (D)
  An ogre (D)
  A jelly (D)
  Ijyb (D)
18 creatures vanquished.

Notes
Turn   | Place    | Note
-------+----------+-------------------------------------------
     0 | D        | Promi the Troll Berserker began the quest for the Orb.
     0 | D        | Reached XP level 1. HP: 22/22 MP: 0/0
     1 | D        | Noticed Ijyb
    15 | D        | Killed Ijyb
    15 | D        | Reached skill level 4 in Maces & Flails
    15 | D        | Reached XP level 2. HP: 23/31 MP: 1/1
    31 | D        | Noticed an ogre
    34 | D        | Killed an ogre
    34 | D        | Reached skill level 5 in Fighting
    34 | D        | Reached skill level 5 in Maces & Flails
    34 | D        | Reached skill level 5 in Dodging
    34 | D        | Reached XP level 3. HP: 42/42 MP: 2/2
    34 | D        | Reached XP level 4. HP: 50/50 MP: 3/3
    75 | D        | Noticed Sigmund
    79 | D        | Killed Sigmund
    79 | D        | Reached ** piety under Trog
    79 | D        | Reached skill level 7 in Maces & Flails
    79 | D        | Reached XP level 5. HP: 61/61 MP: 4/4
   122 | D        | Found a burning altar of Makhleb.
   122 | D        | Found a viscous altar of Jiyva.
   122 | D        | Found a shimmering altar of Xom.
   122 | D        | Found a corrupted altar of Lugonu.
   122 | D        | Noticed a slime creature
   130 | D        | Killed a slime creature
   130 | D        | Reached skill level 8 in Maces & Flails
   130 | D        | Reached XP level 6. HP: 71/71 MP: 5/5
   131 | D        | Found a deep blue altar of Sif Muna.
   133 | D        | Found a radiant altar of Vehumet.
   137 | D        | HP: 1/71 [acid (7)]
   223 | D        | Found Ivian's Distillery.
   223 | D        | Found an ancient bone altar of Kikubaaqudgha.
   223 | D        | Found a hazy altar of Hepliaklqana.
   223 | D        | Found a stormy altar of Qazlal.
   223 | D        | Found a hide-covered altar of Uskayaw.
   223 | D        | Found a blossoming altar of Fedhas.
   223 | D        | Found a bloodstained altar of Trog.
   223 | D        | Found an iron altar of Okawaru.
   223 | D        | Found a basalt altar of Yredelemnul.
   223 | D        | Found a glowing golden altar of the Shining One.
   223 | D        | Found a snail-covered altar of Cheibriados.
   223 | D        | Found a sacrificial altar of Ru.
   223 | D        | Found a glowing silver altar of Zin.
   223 | D        | Found a shadowy altar of Dithmenos.
   223 | D        | Found a white marble altar of Elyvilon.
   223 | D        | Noticed a yak
   227 | D        | Killed a yak
   227 | D        | Reached *** piety under Trog
   227 | D        | Reached XP level 7. HP: 80/80 MP: 6/6
   228 | D        | Found an opulent altar of Gozag.
   229 | D        | Found a sparkling altar of Nemelex Xobeh.
   233 | D        | Bought a potion of might for 56 gold pieces
   233 | D        | Bought a potion of curing for 42 gold pieces
   233 | D        | Bought a potion of curing for 42 gold pieces
   233 | D        | Bought a potion of might for 56 gold pieces
   290 | D        | Noticed a kobold demonologist
   291 | D        | Noticed a kobold demonologist
   309 | D        | Noticed an ice devil
   309 | D        | Noticed a chaos spawn
   310 | D        | Killed a kobold demonologist
   310 | D        | Reached skill level 9 in Maces & Flails
   311 | D        | Paralysed by a giant eyeball for 3 turns
   317 | D        | Killed a kobold demonologist
   317 | D        | Reached **** piety under Trog
   317 | D        | Reached skill level 10 in Maces & Flails
   317 | D        | Reached XP level 8. HP: 77/92 MP: 0/7
   382 | D        | Noticed a centaur warrior
   383 | D        | Noticed a centaur warrior
   390 | D        | Killed a centaur warrior
   390 | D        | Reached skill level 10 in Fighting
   390 | D        | Reached skill level 10 in Dodging
   399 | D        | Killed a centaur warrior
   399 | D        | Reached skill level 11 in Maces & Flails
   399 | D        | Reached XP level 9. HP: 98/102 MP: 8/8
   437 | D        | Noticed a deep troll
   445 | D        | Killed a deep troll
   445 | D        | Reached skill level 12 in Maces & Flails
   523 | D        | Found Sovicech's Armour Emporium.
   548 | D        | Reached ***** piety under Trog
   608 | D        | Noticed an oklob plant
   623 | D        | Killed an oklob plant
   823 | D        | Noticed a demonic crawler
   823 | D        | Noticed a demonic crawler
   823 | D        | Noticed a demonic crawler
   823 | D        | Noticed a demonic crawler
   831 | D        | Killed a demonic crawler
   831 | D        | Reached XP level 10. HP: 105/115 MP: 9/9
   842 | D        | Received a gift from Trog
   850 | D        | Lost intelligence.
   850 | D        | HP: 5/115 [demonic crawler (2)]
   851 | D        | Slain by a demonic crawler

Vault maps used:
D:        dungeon_sprint_1

Skill      XL: |  1  2  3  4  5  6  7  8  9 |
---------------+----------------------------+-----
Fighting       | 3 5 6 7 8 9 10 11 | 11.8
Maces & Flails | 4 5 7 8 10 11 12 | 12.7
Dodging        | 3 5 6 7 8 9 10 11 | 11.8

Action                   |  1- 3 |  4- 6 |  7- 9 | 10-12 || total
-------------------------+-------+-------+-------+-------++-------
Melee: Mace              |    15 |    17 |    89 |    18 ||   139
Invok: Berserk           |     1 |     3 |     4 |       ||     8
       Trog's Hand       |       |       |     1 |       ||     1
  Use: Potion            |       |     1 |     2 |     1 ||     4
  Eat: Chunk             |       |     6 |       |       ||     6
       Bread ration      |       |       |     1 |       ||     1
       Beef jerky        |       |       |     1 |       ||     1
Armor: Animal skin       |     5 |       |    10 |     7 ||    22
Dodge: Dodged            |     3 |     8 |    51 |    25 ||    87
